 Dungeon Crawl Stone Soup version 0.28.0-43-g3370ac3207 (webtiles) character file.

Game seed: 6863775461429748501

625 issech the Cudgeller (level 7, 0/67 HPs)
             Began as a Troll Monk on Mar 16, 2022.
             Succumbed to Sigmund's poison
             ... on level 4 of the Dungeon.
             The game lasted 00:10:09 (3195 turns).

issech the Cudgeller (Troll Monk)                   Turns: 3195, Time: 00:10:09

Health: 0/67       AC:  4    Str: 20    XL:     7   Next: 23%
Magic:  6/6        EV: 26    Int:  6    God:
Gold:   204        SH:  0    Dex: 14    Spells: 6/6 levels left

rFire   . . .      SeeInvis .   t - +0 flail
rCold   . . .      Faith    .   (no shield)
rNeg    . . .      Spirit   .   b - +0 robe
rPois   .          Reflect  .   (helmet restricted)
rElec   .          Harm     .   (no cloak)
rCorr   .          Rampage  .   (gloves unavailable)
Will    .....                   (boots unavailable)
Stlth   ++........              r - amulet of the acrobat
HPRegen 1.01/turn               B - ring of flight
MPRegen 0.10/turn               (no ring)

@: lethally poisoned (0 -> -3), acrobatic, flying
A: large, unfitting armour, claws 3, regeneration 1, shaggy fur 1, tough skin 1
a: no special abilities


You were on level 4 of the Dungeon.
You visited 1 branch of the dungeon, and saw 4 of its levels.

You collected 204 gold pieces.

Inventory:

Hand Weapons
 a - a +0 mace
 j - a +0 hunting sling
 t - a +0 flail (weapon)
 z - a +1 dagger of venom
Missiles
 d - 14 bolts
 e - 8 boomerangs (quivered)
 g - 71 arrows
 h - 84 stones
 o - 28 sling bullets
 p - 3 poisoned darts
Armour
 b - a +0 robe (worn)
Jewellery
 r - an amulet of the acrobat (around neck)
 B - a ring of flight (left claw)
Wands
 A - a wand of mindburst (17)
Scrolls
 c - 2 scrolls of teleportation {unknown}
 f - 3 scrolls of identify {unknown}
 k - 2 scrolls of enchant armour {unknown}
 l - a scroll of amnesia {unknown}
 v - a scroll of blinking {unknown}
 w - a scroll of immolation {unknown}
 x - a scroll of magic mapping {unknown}
 y - a scroll of vulnerability {unknown}
Potions
 i - a potion of flight {unknown}
 m - 2 potions of curing {unknown}
 n - a potion of might {unknown}
 q - 2 potions of attraction {unknown}
 s - a potion of heal wounds {unknown}
 u - a potion of brilliance {unknown}


   Skills:
 + Level 3.6 Fighting
 + Level 6.0 Maces & Flails
 + Level 0.7 Throwing
 + Level 3.6 Dodging
 + Level 1.4 Stealth


You had 6 spell levels left.
You didn't know any spells.
Your spell library contained the following spells:

 Spells                   Type           Power      Damage    Failure   Level
 Ensorcelled Hibernation  Hex/Ice        0%         N/A       58%         2
 Call Canine Familiar     Summ           0%         N/A       83%         3
 Ignite Poison            Fire/Tmut/Pois 0%         N/A       83%         3
 Mephitic Cloud           Conj/Pois/Air  0%         N/A       83%         3
 Portal Projectile        Hex/Tloc       0%         N/A       83%         3
 Spider Form              Tmut/Pois      0%         N/A       83%         3
 Anguish                  Hex/Necr       0%         N/A       99%         4
 Leda's Liquefaction      Hex/Erth       0%         N/A       99%         4
 Blade Hands              Tmut           0%         N/A       100%        5
 Excruciating Wounds      Necr           0%         N/A       100%        5
 Freezing Cloud           Conj/Ice/Air   0%         6-21      100%        5


Dungeon Overview and Level Annotations

Branches:
Dungeon (4/15)
 Temple: D:4-7

Altars:
Yredelemnul

Annotations:
D:4 Sigmund


Innate Abilities, Weirdness & Mutations

You are too large for most types of armour.
You have claws for hands.
Your natural rate of healing is unusually fast.
You are covered in fur. (AC +1)
You have tough skin. (AC +1)


Message History

You sock the adder!
You kill the adder!
Something hits you.
You are poisoned.
You feel very sick.
You hear some strange, mumbled words.
A magic dart appears from out of thin air!
The magic dart hits you.
You barely miss something.
You feel very sick. Something hits you!
* * * LOW HITPOINT WARNING * * *
You are more poisoned.
* * * LOW HITPOINT WARNING * * *
You feel very sick.
* * * LOW HITPOINT WARNING * * *
You feel very sick.
* * * LOW HITPOINT WARNING * * *
You feel very sick.
There is an open door here.
You feel sick.
You feel sick.
You feel sick.
You feel sick.
You feel sick.
You feel sick.
You feel sick.
You feel sick.
You are no longer poisoned.
You hear some strange, mumbled words.
You are confused.
You bump into the rock wall.
Something hits you.
* * * LOW HITPOINT WARNING * * *
You are lethally poisoned!
* * * LOW HITPOINT WARNING * * *
You feel very sick.
You feel less confused.
* * * LOW HITPOINT WARNING * * *
You feel sick.
You die...

#..........# #................
#..........# ##..#....#......##
#..........# #..##....##.....#
#..........# #..#......#.....#
##########.# #.##......##....#
#.# #.#........#..###
#.####.#........#.##
#>.....##......##†##
#.###.@.#......#...# #.#
##..##....##...## #.#
#...#....#..#..# ##### #.#
#.{........###.# #♣♣...# #.#
#...#......# #.##
...♣.♣♣####+####...##########..##
♣.♣....♣.[.....+...........###.##
.♣♣♣♣♣.♣.......#.........#. #..#
♣♣...♣♣.♣......####......# ##.#


There were no monsters in sight!

Vanquished Creatures
  Grinder (D:4)
  A water moccasin zombie (D:4)
  2 orc priests (D:3)
  A centaur zombie (D:4)
  A centaur skeleton (D:4)
  An iguana (D:4)
  Terence (D:2)
  2 hound skeletons (D:4)
  6 adders
  A white imp (D:4)
  3 adder zombies (D:4)
  3 worms (D:2)
  2 dart slugs
  8 orcs (D:3)
  7 ball pythons
  6 bats
  3 endoplasms
  4 giant cockroaches
  6 goblins
  11 hobgoblins
  8 jackals
  A quokka (D:2)
  5 frilled lizards
  8 kobolds
  A rat (D:2)
93 creatures vanquished.

Notes
Turn   | Place    | Note
-------+----------+-------------------------------------------
     0 | D:1      | issech the Troll Monk began the quest for the Orb.
     0 | D:1      | Reached XP level 1. HP: 22/22 MP: 0/0
   106 | D:1      | Reached XP level 2. HP: 29/29 MP: 1/1
   111 | D:1      | Reached skill level 3 in Maces & Flails
   724 | D:2      | Reached XP level 3. HP: 32/36 MP: 2/2
   978 | D:2      | Reached XP level 4. HP: 44/44 MP: 3/3
  1153 | D:2      | Found a faded altar of an unknown god.
  1182 | D:2      | Identified the +0 pair of boots of the Meadowlark {rCorr}
  1409 | D:2      | Noticed Terence
  1428 | D:2      | Killed Terence
  1626 | D:3      | Reached skill level 4 in Maces & Flails
  1631 | D:3      | Reached XP level 5. HP: 34/53 MP: 4/4
  2735 | D:4      | Reached skill level 5 in Maces & Flails
  2735 | D:4      | Reached XP level 6. HP: 60/61 MP: 5/5
  2898 | D:4      | Found a basalt altar of Yredelemnul.
  2948 | D:4      | Noticed Grinder
  2962 | D:4      | Paralysed by Grinder for 7 turns
  2977 | D:4      | Killed Grinder
  2978 | D:4      | Reached skill level 6 in Maces & Flails
  2978 | D:4      | Reached XP level 7. HP: 21/67 MP: 6/6
  3148 | D:4      | Noticed Sigmund
  3178 | D:4      | HP: 3/67 [poisoned by Sigmund]
  3183 | D:4      | HP: 2/67 [poisoned by Sigmund]
  3193 | D:4      | HP: 2/67 [poisoned by Sigmund]
  3195 | D:4      | Succumbed to Sigmund's poison

Illustrated notes

Levels and vault maps discovered:
D:1:      tarquinn_simple_flora_water_e, layout_basic
D:2:      layout_basic, chequers_ecumenical_altar_simple_redux, corexii_shack,
          uniq_terence
D:3:      layout_basic, minmay_misc_feat_enclosed, solitary_fountain
D:4:      layout_basic, nicolae_yredelemnul_corpse_copse, minmay_misc_feat_iff,
          uniq_sigmund, uniq_grinder

Skill      XL: |  1  2  3  4  5  6 |
---------------+-------------------+-----
Maces & Flails | 3 4 5 6 |  6.0
Dodging        | 3 |  3.6
Fighting       | 3 |  3.6
Throwing       | |  0.7
Stealth        | |  1.4

Action                   |  1- 3 |  4- 6 |  7- 9 || total
-------------------------+-------+-------+-------++-------
Melee: Mace              |   121 |    44 |       ||   165
       Punch             |     2 |     4 |       ||     6
       Flail             |       |   165 |    11 ||   176
Throw: Boomerang         |       |    10 |       ||    10
 Stab: Sleeping          |     1 |     4 |     1 ||     6
Armor: Robe              |    60 |    48 |     1 ||   109
Dodge: Dodged            |    81 |   107 |    15 ||   203
